Map: 环轨星港

Players

Somnr

  • Race: Protoss Protoss
  • League: Platinum

Quail - Winner!

  • Race: Protoss Protoss
  • League: Diamond

VOD

Have the link to the VOD?

Description

Time

  • Played on: Dec. 5, 2015, 5:18 a.m.
  • Length: 12:31
Show
View Real Time Build Order
Export as new Build Order

Somnr Protoss 

Build Orders: Dark Templar Rush 

Get SALT Encoding   

  12  0:02  Probe (Chrono Boost)  
  13  0:12  Probe (Chrono Boost)  
  14  0:18  Pylon  
  14  0:23  Probe (Chrono Boost)  
  15  0:36  Probe (Chrono Boost)  
  15  0:39  Gateway  
  16  0:47  Assimilator  
  16  0:52  Assimilator  
  16  0:57  Probe (Chrono Boost)  
  17  1:08  Probe (Chrono Boost)  
  18  1:23  Probe (Chrono Boost)  
  19  1:30  Cybernetics Core  
  19  1:34  Probe (Chrono Boost)  
  20  1:54  Pylon  
  21  2:01  Probe (Chrono Boost)  
  21  2:12  Probe (Chrono Boost), Twilight Council  
  22  2:22  Nexus  
  22  2:24  Warp Gate (Chrono Boost)  
  22  2:32  Mothership Core (Chrono Boost)  
  24  2:42  Pylon  
  24  2:52  Dark Shrine  
  24  3:00  Probe  
  24  3:05  Stalker (Chrono Boost)  
  27  3:12  Gateway  
  27  3:22  Probe  
  28  3:33  Probe  
  28  3:34  Stalker (Chrono Boost), Probe  
  32  3:43  Probe  
  32  3:47  Probe  
  34  3:57  Gateway  
  34  4:16  Robotics Facility  
  34  4:19  Dark Templar  
  34  4:20  Dark Templar  
  34  4:24  Probe x2  
  40  4:35  Pylon  
  40  4:36  Probe x2  
  42  4:48  Probe  
  42  4:52  Stalker x3  
  45  5:09  Immortal (Chrono Boost)  
  49  5:18  Stalker x3  
  55  5:29  Probe  
  55  5:31  Assimilator  
  55  5:35  Pylon x2  
  56  5:44  Observer (Chrono Boost)  
  57  6:08  Stalker x2  
  57  6:09  Stalker  
  57  6:13  Probe x2  
  59  6:25  Gateway, Probe x2  
  59  6:26  Gateway  
  59  6:28  Gateway, Assimilator  
  59  6:30  Dark Templar  
  63  6:35  Zealot  
  63  6:36  Stalker  
  63  6:37  Probe  
  64  6:59  Probe x2  
  64  7:06  Warp Prism (Chrono Boost)  
  66  7:09  Pylon  
  66  7:11  Probe x2  
  68  7:23  Probe x2  
  68  7:27  Dark Templar x2  
  68  7:28  Dark Templar  
  76  7:35  Probe x2, Forge  
  78  7:38  Zealot  
  80  7:48  Observer (Chrono Boost)  
  80  7:51  Zealot x2  
  85  7:57  Pylon  
  85  8:03  Gateway  
  84  8:07  Robotics Facility  
  84  8:09  Protoss Ground Weapons Level 1 (Chrono Boost)  
  84  8:14  Pylon  
  84  8:16  Pylon  
  84  8:18  Pylon  
  74  8:37  Zealot x4  
  51  9:11  Immortal x2 (Chrono Boost)  
  59  9:17  Probe x2  
  59  9:22  Pylon  
  61  9:29  Probe  
  62  9:35  Adept x4  
  68  10:01  Photon Cannon  
  68  10:15  Protoss Ground Weapons Level 2 (Chrono Boost)  
  68  10:18  Probe  
  69  10:32  Zealot x2  
  73  10:40  Robotics Bay  
  73  10:55  Dark Templar  
  75  11:11  Dark Templar x2  
  77  11:13  Zealot  
  73  11:46  Zealot x4  
  79  12:07  Zealot x2  
  79  12:08  Zealot x2  
Show
View Real Time Build Order
Export as new Build Order

Quail Protoss - Winner!

Build Orders: 1 Gate Expand 

Get SALT Encoding   

  12  0:01  Probe (Chrono Boost)  
  13  0:11  Probe (Chrono Boost)  
  14  0:22  Probe (Chrono Boost), Pylon  
  15  0:40  Probe (Chrono Boost), Gateway  
  16  0:51  Probe (Chrono Boost), Assimilator  
  17  1:01  Probe (Chrono Boost)  
  18  1:12  Probe (Chrono Boost)  
  19  1:25  Nexus  
  20  1:31  Cybernetics Core  
  19  1:34  Probe (Chrono Boost)  
  20  1:45  Probe (Chrono Boost)  
  21  1:49  Pylon  
  21  1:59  Probe (Chrono Boost)  
  22  2:02  Assimilator  
  22  2:10  Mothership Core (Chrono Boost)  
  24  2:15  Gateway  
  24  2:22  Pylon  
  24  2:28  Probe (Chrono Boost)  
  25  2:31  Stalker (Chrono Boost)  
  27  2:39  Gateway  
  27  2:49  Probe  
  28  2:58  Probe  
  28  3:01  Probe  
  28  3:02  Stalker (Chrono Boost)  
  34  3:09  Stalker (Chrono Boost)  
  34  3:20  Robotics Facility  
  36  3:31  Stalker (Chrono Boost)  
  36  3:36  Pylon  
  36  3:37  Probe  
  36  3:38  Probe  
  38  3:43  Sentry (Chrono Boost)  
  38  3:47  Probe  
  42  3:51  Adept (Chrono Boost)  
  43  3:56  Warp Gate (Chrono Boost)  
  43  3:58  Assimilator  
  43  4:01  Probe  
  43  4:02  Probe  
  44  4:03  Assimilator  
  45  4:11  Observer (Chrono Boost)  
  45  4:15  Probe  
  47  4:17  Probe  
  47  4:22  Pylon  
  48  4:26  Probe  
  48  4:29  Probe  
  50  4:33  Observer (Chrono Boost)  
  50  4:36  Probe  
  50  4:38  Stalker  
  54  4:41  Probe  
  55  4:46  Stalker  
  55  4:47  Probe  
  58  4:53  Probe  
  55  5:07  Stalker  
  55  5:08  Stalker  
  55  5:12  Probe  
  55  5:14  Probe  
  61  5:18  Pylon  
  61  5:21  Stalker  
  63  5:23  Probe, Immortal  
  63  5:26  Probe  
  69  5:35  Pylon  
  69  5:48  Stalker  
  69  5:49  Stalker  
  72  5:55  Robotics Bay  
  68  6:19  Gateway  
  68  6:22  Gateway  
  68  6:23  Gateway  
  68  6:24  Warp Prism (Chrono Boost)  
  70  6:26  Forge  
  70  6:29  Pylon  
  70  6:35  Stalker  
  72  6:42  Probe, Gravitic Drive  
  72  6:43  Probe  
  74  6:47  Pylon  
  74  6:50  Stalker  
  76  6:55  Probe  
  76  6:59  Disruptor (Chrono Boost)  
  76  7:00  Stalker  
  82  7:15  Stalker, Twilight Council  
  82  7:21  Stalker, Gateway  
  82  7:22  Stalker  
  88  7:28  Adept x3  
  94  7:34  Disruptor (Chrono Boost)  
  97  7:47  Nexus  
  97  7:49  Pylon  
  97  7:51  Photon Cannon  
  97  7:56  Photon Cannon  
  97  8:00  Pylon  
  97  8:05  Disruptor (Chrono Boost)  
  100  8:15  Adept  
  100  8:16  Adept x2  
  104  8:38  Adept  
  96  8:58  Probe  
  96  9:00  Probe  
  96  9:03  Disruptor (Chrono Boost)  
  96  9:09  Probe  
  97  9:11  Probe  
  97  9:12  Probe  
  97  9:15  Photon Cannon  
  100  9:17  Photon Cannon  
  100  9:19  Probe  
  100  9:21  Probe  
  100  9:24  Probe, Photon Cannon  
  103  9:32  Adept x2  
  107  9:40  Immortal (Chrono Boost)  
  107  9:41  Probe  
  107  9:43  Probe  
  113  9:45  Pylon  
  111  9:59  Probe x2  
  107  10:00  Templar Archives, Probe  
  107  10:01  Pylon  
  110  10:07  Photon Cannon  
  110  10:12  Probe  
  115  10:14  Immortal (Chrono Boost), Protoss Ground Weapons Level 1  
  115  10:17  Probe x2  
  117  10:24  Gateway x2  
  117  10:27  Assimilator  
  117  10:32  Assimilator  
  117  10:41  Photon Cannon  
  117  10:44  High Templar x4  
  117  10:45  High Templar x2  
  117  10:47  Warp Prism (Chrono Boost)  
  117  10:48  Archon x2  
  117  10:49  Archon  
  131  10:54  Photon Cannon  
  131  10:56  Probe  
  132  11:01  Pylon  
  132  11:13  Robotics Facility  
  132  11:19  Immortal (Chrono Boost)  
  134  11:27  Adept  
  134  11:28  Adept  
  135  11:35  Probe x2  
  135  11:37  Probe  
  134  11:46  Probe  
  134  11:47  Adept  
  134  11:48  Adept x5  
  134  11:49  Probe  
  134  11:53  Immortal (Chrono Boost)  
  140  12:20  Stalker x7  
Tags
 
Add a new tag
Caveats
  • Supply blocks, unpowered buildings, or Contaminate may cause inaccurate times.
  • Supply counts are checked every 10 seconds.